 Dungeon Crawl Stone Soup version 0.31-a0-202-g547052bce9 (webtiles) character file.

Game seed: 2928073539020241007

105 qw the Skirmisher (level 4, -3/25 HPs)
             Began as a Deep Elf Hunter on June 26, 2023.
             Slain by a goblin
             ... wielding a +0 dagger
             ... led by Robin
              (4 damage)
             ... on level 3 of the Dungeon.
             The game lasted 00:00:43 (1673 turns).

qw the Skirmisher (Deep Elf Hunter)                 Turns: 1673, Time: 00:00:44

Health: -3/25      AC:  3    Str: 10    XL:     4   Next: 54%
Magic:  6/6        EV: 12    Int: 14    God:
Gold:   80         SH:  0    Dex: 18    Spells: 3/3 levels left

rFire   . . .        Y - +1 shortbow
rCold   . . .        (shield currently unavailable)
rNeg    . . .        c - +0 leather armour
rPois   .            (no helmet)
rElec   .            (no cloak)
rCorr   .            (no gloves)
SInv    .            (no boots)
Will    .....        (no amulet)
Stlth   ++           (no ring)
HPRegen 0.24/turn    (no ring)
MPRegen 0.10/turn

%: no passive effects
@: no status effects
A: no striking features
a: no special abilities


You were on level 3 of the Dungeon.
You visited 1 branch of the dungeon, and saw 3 of its levels.

You collected 80 gold pieces.


   Skills:
 - Level 1.5 Fighting
 + Level 8.0 Ranged Weapons
 - Level 2.4 Dodging
 - Level 1.2 Stealth


You had 3 spell levels left.
You didn't know any spells.
Your spell library was empty.

Inventory:

Hand Weapons
 Y - a +1 shortbow (weapon)
Armour
 a - a +0 pair of gloves
 c - a +0 leather armour (worn)
 d - a +0 ring mail
 k - a +1 hat
Scrolls
 g - 2 scrolls of identify
 m - a scroll of teleportation {unknown}
Potions
 b - a potion of curing {unknown}
 e - a potion of ambrosia {unknown}
 f - a potion of might
 h - a potion of heal wounds {unknown}
 i - a potion of magic {unknown}
 j - a potion of haste {unknown}
 l - 3 potions of invisibility {unknown}

Dungeon Overview and Level Annotations

Branches:
Dungeon (3/15)

Altars:
Ashenzari
Nemelex Xobeh
Sif Muna
Xom
Yredelemnul
The Shining One

Annotations:
D:3 1 runed translucent door, Crazy Yiuf


Message History

You shoot an arrow.
The arrow hits Robin but does no damage.
Robin is heavily wounded.
Robin drinks a potion.
Robin suddenly seems more resistant.
The hobgoblin barely misses you.
You shoot an arrow. The arrow hits Robin.
Robin is severely wounded.
The hobgoblin closely misses you.
You shoot an arrow. The arrow barely misses Robin.
Robin roars a battlecry!
The goblins go into a battle-frenzy!
The hobgoblin hits you. The hobgoblin misses you.
You shoot an arrow.
The arrow hits Robin but does no damage.
Robin is severely wounded.
Robin hits you with a +0 mace. The hobgoblin hits you. x2
You shoot an arrow. The arrow hits Robin!
You kill Robin!
The hobgoblin hits you.
You shoot an arrow. The arrow hits the hobgoblin.
The hobgoblin is almost dead.
The hobgoblin closely misses you. The hobgoblin hits you.
The goblin hits you but does no damage.
The hobgoblin hits you but does no damage.
The goblin barely misses you. The hobgoblin hits you.
You shoot an arrow. The arrow hits the hobgoblin.
The hobgoblin is almost dead.
The hobgoblin hits you but does no damage.
The goblin barely misses you. The hobgoblin hits you.
You shoot an arrow. The arrow barely misses the hobgoblin.
The hobgoblin barely misses you. The goblin misses you.
The hobgoblin closely misses you.
You shoot an arrow. The arrow hits the hobgoblin.
You kill the hobgoblin!
The hobgoblin hits you but does no damage.
The goblin hits you with a +0 dagger.
Your Ranged Weapons skill increases to level 8!
You shoot an arrow. The arrow barely misses the hobgoblin.
The hobgoblin misses you. The goblin hits you with a +0 dagger.
You die...

#....... #. .# ##...... <.
.# #..###. #. )### #..# #.
#) ....# #..# ## #) ..#.####
#..# #.# ####. .......###..#
#.# ..##g#.##.....##..# #.#
#.##g@###.....##..#### #.#
#.####.##............. #.#
#.# #..#....#.#..#### #.#
#.# #.#.##.......#
#.#####.####.#.##.......####
#...........................
##.......#######).....).####
#?#####.# ..........#### #.#
#.# ##>.#####.#...


You could see a hobgoblin (strong) and a goblin (strong).

Vanquished Creatures
  Robin (D:3)
  2 adders (D:2)
  A worm (D:3)
  5 dart slugs
  2 endoplasms (D:2)
  2 giant cockroaches (D:3)
  8 goblins
  10 hobgoblins
  2 jackals (D:3)
  A quokka (D:1)
  5 ball pythons
  8 bats
  4 frilled lizards
  3 kobolds
  10 rats
64 creatures vanquished.

Notes
Turn   | Place    | Note
-------+----------+-------------------------------------------
     0 | D:1      | qw the Deep Elf Hunter began the quest for the Orb.
     0 | D:1      | Reached XP level 1. HP: 12/12 MP: 3/3
     0 | D:1      | 0 ||| qw: Version: 0.3-a-22-g0ed2b0b
     0 | D:1      | 0 ||| qw: Game counter: 6020
     0 | D:1      | 0 ||| qw: Melee chars always use a shield: true
     0 | D:1      | 0 ||| qw: God list: Okawaru
     0 | D:1      | 0 ||| qw: Allow faded altars: false
     0 | D:1      | 0 ||| qw: Do Orc after clearing Dungeon:15 true
     0 | D:1      | 0 ||| qw: Do second Lair branch before Depths: true
     0 | D:1      | 0 ||| qw: Lair rune preference: random
     0 | D:1      | 0 ||| qw: Goals: Normal
     0 | D:1      | 0 ||| PLANNING D:1-11
    24 | D:1      | HP: 2/12 [kobold/+0 short sword (3)]
   153 | D:1      | Reached XP level 2. HP: 16/16 MP: 4/4
   158 | D:1      | Reached skill level 6 in Ranged Weapons
   265 | D:1      | Found a faded altar of an unknown god.
   630 | D:1      | 630 ||| READING 2 scrolls labelled GUEMNY VODEE.
   631 | D:1      | 631 ||| READING 3 scrolls labelled GOTEOK WIDUARCHOMM.
   632 | D:1      | 632 ||| READING scroll labelled VIERPH ZADUEBE.
   633 | D:1      | 633 ||| READING scroll labelled KOQA XUEFOUC.
   634 | D:1      | 634 ||| DRINKING 2 fuming cyan potions.
   635 | D:1      | 635 ||| DROPPING scroll of amnesia.
   636 | D:1      | 636 ||| DROPPING scroll of butterflies.
   637 | D:1      | 637 ||| DROPPING 2 scrolls of vulnerability.
   857 | D:2      | Reached XP level 3. HP: 20/20 MP: 5/5
  1112 | D:2      | Reached skill level 7 in Ranged Weapons
  1268 | D:2      | 1268 ||| READING scroll labelled ZIGODEIDGHY.
  1269 | D:2      | 1269 ||| READING scroll labelled FUMAVYRPH SIEMUNN.
  1270 | D:2      | 1270 ||| READING scroll labelled XISHEOQOGO.
  1354 | D:3      | Reached XP level 4. HP: 25/25 MP: 6/6
  1410 | D:3      | Found a runed translucent door.
  1411 | D:3      | Noticed Crazy Yiuf
  1572 | D:3      | Found a broken altar of Ashenzari.
  1573 | D:3      | Found a shimmering blue altar of Sif Muna.
  1574 | D:3      | Found a shimmering altar of Xom.
  1574 | D:3      | Found a glowing golden altar of the Shining One.
  1575 | D:3      | Found a basalt altar of Yredelemnul.
  1576 | D:3      | Found a sparkling altar of Nemelex Xobeh.
  1658 | D:3      | Identified the +1 helmet of Focus {rN+}
  1658 | D:3      | Noticed Robin
  1668 | D:3      | Killed Robin
  1669 | D:3      | HP: 5/25 [hobgoblin[Robin] (4)]
  1670 | D:3      | HP: 1/25 [hobgoblin[Robin] (4)]
  1673 | D:3      | Reached skill level 8 in Ranged Weapons
  1673 | D:3      | Slain by a goblin

Levels and vault maps discovered:
D:1:      lightli_arrival_statue_moat, layout_rooms, serial_forest,
          infiniplex_forest_straight_1, infiniplex_forest_straight_3,
          infiniplex_forest_end_1, infiniplex_forest_lined_room_2,
          infiniplex_forest_clump_medium, infiniplex_forest_lined_3,
          infiniplex_forest_lined_corner, basic_ecumenical_altar,
          minmay_misc_feat_square, chequers_avenue
D:2:      layout_loops_ring
D:3:      layout_loops_ring, grunt_temple_overflow_open, uniq_robin,
          uniq_crazy_yiuf_cottage

Skill      XL: |  1  2  3  4 |
---------------+-------------+-----
Ranged Weapons | 6 7 8 |  8.0
Fighting       | |  1.5
Dodging        | |  2.4
Stealth        | |  1.2

Action                     |  1- 3 |  4- 6 || total
---------------------------+-------+-------++-------
   Fire: Shortbow          |   104 |    44 ||   148
    Use: Scroll            |     7 |       ||     7
         Potion            |     1 |       ||     1
 Armour: Leather armour    |     4 |     5 ||     9
  Dodge: Dodged            |     9 |    12 ||    21

Table legend:
 A = Non-vault XP
 B = Vault XP
 C = Vault XP percentage of total XP
 D = Non-vault monster count
 E = Vault monster count
 F = Vault count percentage of total count
                 A         B        C        D         E       F
            +---------+---------+-------+---------+---------+-------
      Total |     126 |      25 |  16.6 |      58 |       6 |   9.4
            +---------+---------+-------+---------+---------+-------
        D:1 |      35 |       0 |   0.0 |      23 |       0 |   0.0
        D:2 |      54 |       0 |   0.0 |      19 |       0 |   0.0
        D:3 |      37 |      25 |  40.3 |      16 |       6 |  27.3
            +---------+---------+-------+---------+---------+-------
